 Dungeon Crawl Stone Soup version 0.23.1-37-gaa34b87 (webtiles) character file.

Game seed: 15979161442709867936

112 Irenicus the Chopper (level 4, -1/40 HPs)
             Began as a Deep Dwarf Monk on Mar 23, 2019.
             Slain by a howler monkey (5 damage)
             ... on level 4 of the Dungeon.
             The game lasted 00:06:15 (1317 turns).

Irenicus the Chopper (Deep Dwarf Monk)              Turns: 1317, Time: 00:06:16

Health: -1/40      AC:  4    Str: 14    XL:     4   Next: 63%
Magic:  3/3        EV: 19    Int: 11    God:
Gold:   145        SH:  0    Dex: 23    Spells: 3/3 levels left

rFire    . . .     SeeInvis .   a - +0 hand axe
rCold    . . .     Gourm    .   (no shield)
rNeg     . . .     Faith    .   e - +0 leather armour
rPois    .         Spirit   .   (no helmet)
rElec    .         Reflect  .   (no cloak)
rCorr    .         Harm     .   i - +0 pair of gloves
MR       .....                  (no boots)
Stlth    ++........             (no amulet)
HPRegen  0.00/turn              d - +2 ring of dexterity
MPRegen  0.08/turn              m - ring of attention (curse)

@: agile, non-regenerating
A: damage resistance, heal wounds, sense surroundings 1, no regeneration
a: Heal Wounds


You were on level 4 of the Dungeon.
You were hungry.

You visited 1 branch of the dungeon, and saw 4 of its levels.

You collected 145 gold pieces.

Inventory:

Hand Weapons
 a - a +0 hand axe (weapon)
Armour
 e - a +0 leather armour (worn)
   (You found it on level 1 of the Dungeon)
 i - a +0 pair of gloves (worn)
   (You found it on level 3 of the Dungeon)
Jewellery
 d - a +2 ring of dexterity (left hand)
   (You found it on level 2 of the Dungeon)
 m - a cursed ring of attention (right hand)
   (You found it on level 3 of the Dungeon)
Scrolls
 b - a scroll of teleportation {unknown}
 f - a scroll of identify
 g - a scroll of fog {unknown}
 h - a scroll of enchant weapon {unknown}
 j - a scroll of magic mapping {unknown}
 n - a scroll of enchant armour {unknown}
Potions
 k - a potion of berserk rage {!q}
 l - a potion of degeneration {unknown}
Comestibles
 c - 5 rations


   Skills:
 - Level 2.6 Fighting
 + Level 6.0 Axes
 - Level 3.2 Dodging
 - Level 2.4 Stealth


You had 3 spell levels left.
You didn't know any spells.
Your spell library was empty.

Dungeon Overview and Level Annotations

Branches:
Dungeon (4/15)
 Temple: D:4-7

Altars:
Ashenzari
Makhleb
Yredelemnul
Zin


Innate Abilities, Weirdness & Mutations

You are resistant to damage.
You can heal yourself by infusing magical energy.
You passively map a small area around you.
You do not regenerate.


Message History

You kill the quokka!
You hit the orc. The orc hits you with a +0 club.
You take 1 damage, and have 14/40 hp.
You hit the orc. The orc barely misses you.
You barely miss the orc. The orc barely misses you.
You hit the orc. The orc hits you with a +0 club.
* * * LOW HITPOINT WARNING * * *
You take 4 damage, and have 10/40 hp.
You barely miss the orc. The orc barely misses you.
You hit the orc but do no damage. The orc hits you but does no damage.
You closely miss the orc. The orc closely misses you.
You hit the orc.
You kill the orc!
Your Axes skill increases to level 6!
Items here: )) [ ††† a +0 club; a +0 scale mail; a +0 short sword; an orc corpse; a quokka corpse an orc corpse
Found a scroll labeled USONGA UKLIWO and 10 gold pieces.
Found a stone staircase leading up.
There is a stone staircase leading up here.
n - a scroll labeled USONGA UKLIWO
Found a stone staircase leading down.
There is a stone staircase leading up here.
o - a coppery potion
There is a stone staircase leading up here.
You climb upwards.
There is a stone staircase leading down here.
A giant cockroach comes into view.
The helpless giant cockroach fails to defend itself.
You hit the giant cockroach.
You kill the giant cockroach!
You see here a giant cockroach corpse.
You butcher the giant cockroach corpse.
You see here a chunk of flesh {@w0}.
Eating a chunk of flesh {@w0}.
You eat the chunk of flesh {@w0}.
c - 5 rations (gained 1)
A frilled lizard comes into view.
A rat comes into view.
The frilled lizard hisses angrily.
The frilled lizard bites you.
You closely miss the frilled lizard.
The frilled lizard bites you but does no damage.
You hit the frilled lizard.
The frilled lizard bites you but does no damage.
You slash the frilled lizard!
You kill the frilled lizard!
You closely miss the rat. The rat barely misses you.
You slash the rat!
You kill the rat!
A bat comes into view.
A rat comes into view.
The bat hits you but does no damage.
You hit the bat.
You kill the bat!
An adder comes into view.
You see here a bat corpse.
A kobold comes into view. It is wielding a +0 short sword.
An adder comes into view.
A worm comes into view.
The kobold shouts!
There is a stone staircase leading down here.
You climb downwards.
You hear the sound of rushing water.
There is an entrance to a sewer on this level.
Hurry and find it before the portal rusts away!
You hear the rusting of a distant drain.
You are feeling hungry.
There is a stone staircase leading up here.
There is a stone staircase leading down here.
You climb downwards.
There is a stone staircase leading up here.
A howler monkey comes into view.
As you read the scroll labeled FAIL VUOHEIM, it crumbles to dust.
It is a scroll of identify.
k - a potion of berserk rage Put on which piece of jewellery? (? for menu, Esc to quit)
Oops, that ring feels deathly cold.
m - a cursed ring of attention (right hand)
The howler monkey howls!
The howler monkey hoots and howls with incredible vigour!
You hear an angry hiss.
You hear a bark!
The howler monkey closely misses you.
You hit the howler monkey. The howler monkey barely misses you. x2
You closely miss the howler monkey.
The howler monkey hoots and howls with incredible vigour!
You hit the howler monkey. The howler monkey hits you.
* * * LOW HITPOINT WARNING * * *
You take 3 damage, and have 7/40 hp.
You barely miss the howler monkey.
The howler monkey hoots and howls with incredible vigour!
It was a potion of agility.
You feel agile all of a sudden.
The howler monkey completely misses you.
You hit the howler monkey. The howler monkey barely misses you.
The howler monkey hits you.
* * * LOW HITPOINT WARNING * * *
You take 3 damage, and have 4/40 hp.
You barely miss the howler monkey.
The howler monkey hoots and howls with incredible vigour!
You barely miss the howler monkey. The howler monkey hits you.
You die...

, , #.., # * , #.. ,
..##♣ ,, .. *..#.♣ *
, ##.####.... * * ,
........♣
#.####.......♣♣♣
#..............♣
........@.....#
#........h.....#,, ,
,
#..............#####
#...................
#.............###...,
#.............#
#.............# *,
#.............# *
#........#.##.# **


You could see a howler monkey.

Vanquished Creatures
  Terence (D:2)
  3 adders (D:2)
  A dart slug (D:1)
  A leopard gecko (D:2)
  4 orcs (D:3)
  5 bats
  2 giant cockroaches
  7 hobgoblins
  2 jackals (D:3)
  7 kobolds
  A quokka (D:3)
  2 frilled lizards (D:2)
  7 goblins
  5 rats
48 creatures vanquished.

Notes
Turn   | Place    | Note
-------+----------+-------------------------------------------
     0 | D:1      | Irenicus the Deep Dwarf Monk began the quest for the Orb.
     0 | D:1      | Reached XP level 1. HP: 20/20 MP: 1/1
   261 | D:1      | Reached XP level 2. HP: 18/27 MP: 2/2
   261 | D:1      | Reached skill level 4 in Axes
   546 | D:1      | HP: 1/27 [kobold/+2 whip of electrocution (11)]
   609 | D:2      | Noticed Terence
   621 | D:2      | HP: 4/27 [Terence/+2 flail of protection (6)]
   639 | D:2      | Killed Terence
   639 | D:2      | Reached skill level 5 in Axes
   639 | D:2      | Reached XP level 3. HP: 26/33 MP: 2/2
   757 | D:2      | Reached XP level 4. HP: 30/40 MP: 3/3
  1090 | D:3      | Found a glowing silver altar of Zin.
  1090 | D:3      | Found a basalt altar of Yredelemnul.
  1155 | D:3      | Found a shattered altar of Ashenzari.
  1157 | D:3      | Found a burning altar of Makhleb.
  1199 | D:3      | HP: 10/40 [orc/+0 club (4)]
  1203 | D:3      | Reached skill level 6 in Axes
  1312 | D:4      | HP: 7/40 [howler monkey (3)]
  1317 | D:4      | Slain by a howler monkey

Skill      XL: |  1  2  3  4 |
---------------+-------------+-----
Axes           | 5 6 |  6.0
Fighting       | |  2.6
Dodging        | |  3.2
Stealth        | |  2.4

Action                   |  1- 3 |  4- 6 || total
-------------------------+-------+-------++-------
Melee: Hand axe          |    98 |    77 ||   175
 Abil: Heal Wounds       |     2 |       ||     2
  Use: Potion            |     3 |     1 ||     4
       Scroll            |     1 |     1 ||     2
 Stab: Sleeping          |     5 |     3 ||     8
       Invisible         |     7 |       ||     7
  Eat: Chunk             |       |     1 ||     1
Armor: Leather armour    |    15 |    11 ||    26
       Robe              |     1 |       ||     1
Dodge: Dodged            |    90 |    45 ||   135

Levels and vault maps discovered:
D:1:      matt_arrival_refuge, layout_basic, minmay_stone_trees_medium
D:2:      layout_loops_cross, first_ration, uniq_terence
D:3:      layout_rooms, nicolae_overflow_hidden_temple,
          gammafunk_temple_overflow_elements, gup_sewer_entry_bubbles
D:4:      wad_woods_settlement, layout_basic, grunt_ministairs_14

Table legend:
 A = Turns spent in this place as a percentage of turns spent in the entire game.
 B = Non-inter-level travel turns spent in this place as a percentage of non-inter-level travel turns spent in the entire game.
 C = Inter-level travel turns spent in this place as a percentage of turns spent in this place.
 D = Turns resting spent in this place as a percentage of non-inter-level travel turns spent in this place.
 E = Turns spent auto-exploring this place as a percentage of non-inter-level travel turns spent in this place.
 F = Non-inter-level travel turns spent in this place divided by the number of levels of this place that you've seen.
                   A       B       C       D       E      F
               +-------+-------+-------+-------+-------+----------------------
         Total | 100.0 | 100.0 |   0.0 |   0.0 |   5.8 | 329.2
       Dungeon | 100.0 | 100.0 |   0.0 |   0.0 |   5.8 | 329.2
               +-------+-------+-------+-------+-------+----------------------

Table legend:
 A = Kills in this place as a percentage of kills in entire the game.
 B = Kills by you in this place as a percentage of kills by you in the entire game.
 C = Kills by friends in this place as a percentage of kills by friends in the entire game.
 D = Other kills in this place as a percentage of other kills in the entire game.
 E = Experience gained in this place as a percentage of experience gained in the entire game.
 F = Experience gained in this place divided by the number of levels of this place that you have seen.
                   A       B       C       D       E      F
               +-------+-------+-------+-------+-------+----------------------
         Total | 100.0 | 100.0 |   N/A |   N/A | 100.0 |  40.0
       Dungeon | 100.0 | 100.0 |   N/A |   N/A | 100.0 |  40.0
               +-------+-------+-------+-------+-------+----------------------
